 Dungeon Crawl Stone Soup version 0.25.1-2-g60ff931df9 (webtiles) character file.

Game seed: 14920377892804870766

103163 hehateme the Severer (level 15, -16/141 HPs)
             Began as a Minotaur Berserker on Oct 29, 2020.
             Was a Priest of Trog.
             Demolished by a wolf spider (17 damage)
             ... on level 3 of the Spider Nest on Oct 30, 2020.
             The game lasted 03:09:46 (39612 turns).

hehateme the Severer (Minotaur Berserker)          Turns: 39612, Time: 03:09:53

Health: -16/141    AC: 11    Str: 28    XL:     15   Next: 88%
Magic:  14/14      EV:  8    Int:  8    God:    Trog [***...]
Gold:   1166       SH:  0    Dex: 10    Spells: 14/14 levels left

rFire    + . .     SeeInvis .   O - +2 executioner's axe (flame)
rCold    . . .     Gourm    .   (shield currently unavailable)
rNeg     . . .     Faith    .   w - +3 chain mail {rF+}
rPois    +         Spirit   .   U - +2 hat
rElec    .         Reflect  +   (no cloak)
rCorr    .         Harm     .   i - +0 pair of gloves
MR       ++...                  V - +2 pair of boots {run}
Stlth    ..........             D - amulet of Teter {Reflect MR+ Int+4 SH+5}
HPRegen  0.33/turn              j - ring of poison resistance
MPRegen  0.14/turn              b - ring of poison resistance

@: mighty, lethally poisoned (-16 -> -28), corroded, berserk cooldown, held,
slowed, invisible, very slow
A: retaliatory headbutt, horns 2
a: Berserk, Trog's Hand, Renounce Religion


You were on level 3 of the Spider Nest.
You worshipped Trog.
Trog was most pleased with you.
You were very full.

You visited 4 branches of the dungeon, and saw 26 of its levels.

You collected 2338 gold pieces.
You spent 1172 gold pieces at shops.

Inventory:

Hand Weapons
 O - a +2 executioner's axe of flaming (weapon)
Armour
 f - the +2 ring mail of Jasodama {rF++ Str+8 Slay+4}
   (You found it on level 3 of the Spider Nest)

   It affects your strength (+8).
   It affects your accuracy and damage with ranged weapons and melee attacks
   (+4).
   It greatly protects you from fire.
 i - a +0 pair of gloves (worn)
 w - a +3 chain mail of fire resistance (worn)
 U - a +2 hat (worn)
 V - a +2 pair of boots of running (worn)
Jewellery
 a - an uncursed ring of stealth
 b - a ring of poison resistance (right hand)
 e - a cursed ring of teleportation
 j - a ring of poison resistance (left hand)
 m - an uncursed ring of protection from fire
 p - an uncursed ring of flight
 u - an uncursed amulet of the acrobat
 C - an uncursed ring of protection from magic
 D - an amulet of Teter (around neck) {Reflect MR+ Int+4 SH+5}
   (You acquired it on level 8 of the Dungeon)

   [amulet of reflection]

   It shields you and reflects attacks.
   It affects your intelligence (+4).
   It affects your resistance to hostile enchantments.
   It affects your SH (+5).
 N - an uncursed ring of see invisible
 W - an uncursed ring of ice
 X - a +4 ring of evasion
Wands
 o - a wand of acid (18)
 t - a wand of polymorph (18)
 A - a wand of digging (7)
 G - a wand of disintegration (28)
 M - a wand of paralysis (17)
 Q - a wand of flame (99)
 T - a wand of iceblast (14)
Scrolls
 g - 11 scrolls of fog
 k - 2 scrolls of noise
 n - 9 scrolls of remove curse
 q - 5 scrolls of immolation
 v - 15 scrolls of teleportation
 y - a scroll of summoning
 E - 13 scrolls of identify
 F - 2 scrolls of amnesia
 K - 8 scrolls of magic mapping
 L - 2 scrolls of silence
 P - 4 scrolls of fear
 R - a scroll of blinking
 S - 2 scrolls of brand weapon
 Z - a scroll of holy word
Potions
 h - a potion of invisibility
 l - 4 potions of might
 s - 2 potions of magic
 x - 5 potions of haste
 z - 2 potions of ambrosia
 B - 7 potions of stabbing
 H - 4 potions of flight
 J - 4 potions of cancellation
Miscellaneous
 d - 2 phantom mirrors
Comestibles
 c - 16 rations
 I - 3 chunks of flesh


   Skills:
 + Level 15.6 Fighting
 * Level 18.5(19.0) Axes
   Level 8.3(14.6) Maces & Flails
 + Level 15.3 Armour
 + Level 14.2 Dodging


You had 14 spell levels left.
You didn't know any spells.
Your spell library was empty.

Dungeon Overview and Level Annotations

Branches:
Dungeon (15/15)            Temple (0/1) D:4            Lair (6/6) D:8
  Swamp (0/4) Lair:3       Spider (3/4) Lair:4        Slime (0/5) Lair:5
    Orc (2/2) D:9             Elf (0/3) Orc:2        Vaults (0/5) D:14
 Depths: D:15

Altars:
Gozag
Nemelex Xobeh
Xom
Beogh

Shops:
D:7 ?   D:14 ::   Orc:1 =   Orc:2 }?=(

Annotations:
D:5 2 runed translucent doors
D:7 1 runed translucent door, JayGee's ghost, novice MiFi
D:10 exclusion: downstairs
D:13 1 runed translucent door, Cuethrase's ghost, journeyman DsFi
D:14 exclusions: downstairs, fire dragon and upstairs
Lair:2 exclusion: 2 oklob plants
Lair:4 3 runed translucent doors, ew1980's ghost, journeyman MiFi
Spider:2 1 runed translucent door, Rod Caur's ghost, adept HOFi


Innate Abilities, Weirdness & Mutations

You reflexively headbutt those who attack you in melee.
You have a pair of horns on your head.


Message History

The wolf spider is heavily wounded.
You slice the jumping spider!! You burn the jumping spider.
You feel very sick. The jumping spider pounces on you!
* * * LOW HITPOINT WARNING * * *
The jumping spider barely misses you. The wolf spider barely misses you.
The wolf spider misses you. The jumping spider pounces on you!
* * * LOW HITPOINT WARNING * * *
You are caught in a web!
The jumping spider bites you but does no damage.
The wolf spider hits you!
* * * LOW HITPOINT WARNING * * *
The wolf spider bites you but does no damage.
You fade into invisibility!
* * * LOW HITPOINT WARNING * * *
You feel very sick. The jumping spider closely misses you.
The jumping spider bites you but does no damage.
The wolf spider hits you!
You die...

#..).## ####..##
##^|...# #.<.(######
####...#..# ##...#..##
... #^..###..# ...
##s^.#(..###a. ##
#.@s###...#..###.#.
######...#..##..#...#.
#.#.#.^..#..#...#..# .
##^..###.††..###....# .
#......###.....s....##.
#..##......#.%..###..#.
######.†...#....^#.....
#.....#############..#
#.....## ^.##.#..s#


You could see a wolf spider and a jumping spider.

Vanquished Creatures
  Arachne (Spider:2)
  Rupert (Lair:4)
  Jorgrun (Spider:2)
  2 emperor scorpions
  A ghost moth (Spider:2)
  An orc warlord (Orc:2)
  2 entropy weavers
  A stone giant (Orc:2)
  Fannar (D:11)
  2 catoblepae (Lair:6)
  4 hydras
  A centaur warrior (D:14)
  7 two-headed ogres
  A deep troll shaman (Lair:6)
  9 death yaks
  An orc high priest (Orc:2)
  5 orc knights (Orc:2)
  Pikel (D:6)
  4 orb spiders
  3 orc sorcerers (Orc:2)
  11 wolf spiders
  A cyclops (Orc:2)
  4 ugly things (D:14)
  A moth of wrath (Spider:1)
  7 elephants
  A centaur zombie (D:10)
  Joseph (D:7)
  2 gargoyles
  3 black mambas
  9 spiny frogs
  2 rime drakes (Lair:4)
  4 komodo dragons
  5 demonic crawlers
  18 jumping spiders
  A hornet (Spider:1)
  A polar bear (Lair:4)
  10 blink frogs
  6 trolls
  2 meliai zombies
  15 dream sheep
  10 hippogriffs
  A vampire (D:13)
  Sigmund (D:2)
  49 redbacks
  3 wyverns
  2 shadows
  16 tarantellas
  45 yaks
  4 wraiths
  Eustachio (D:5)
  A vampire mosquito (D:14)
  2 hungry ghosts
  A steam dragon (Lair:4)
  2 swamp worms (Lair:2)
  2 wargs (Orc:2)
  An acid dragon (D:12)
  9 water moccasins
  6 porcupines
  3 ice beasts
  37 orc warriors
  A black bear (Lair:6)
  5 sky beasts
  14 ogres
  8 wolves
  3 eyes of draining
  2 phantoms
  10 centaurs
  11 crocodiles
  6 big kobolds
  12 bullfrogs
  5 scorpions
  14 killer bees
  A wight (D:11)
  3 howler monkeys
  8 crimson imps
  A bullfrog zombie (D:11)
  2 hounds
  17 orc priests
  4 centaur skeletons
  A quasit (D:10)
  A bullfrog skeleton (D:9)
  8 jellies
  Jessica (D:2)
  10 orc wizards
  10 worker ants
  4 ogre zombies (D:9)
  2 hound zombies
  A hound skeleton (D:5)
  A howler monkey zombie (D:4)
  3 worker ant zombies
  A howler monkey skeleton (D:5)
  6 gnolls
  11 adders
  2 shadow imps
  An ooze (D:3)
  2 adder skeletons
  5 worms
  A dart slug (D:1)
  3 leopard geckos
  76 orcs
  4 ball pythons
  3 bats
  2 giant cockroaches
  11 hobgoblins
  37 kobolds
  5 quokkas
  5 frilled lizards
  11 goblins
  3 goblin skeletons (D:9)
  3 goblin zombies (D:9)
  2 hobgoblin skeletons (D:9)
  2 hobgoblin zombies (D:9)
  A jackal skeleton (D:7)
  9 orc zombies (D:9)
  13 rats
  7 fungi
  11 plants
755 creatures vanquished.

Vanquished Creatures (collateral kills)
  An orc warlord (Orc:2)
  Josephine (Spider:1)
  Erolcha (D:9)
  A two-headed ogre (D:10)
  3 orc high priests (Orc:2)
  An orb spider (Spider:2)
  An ugly thing (D:12)
  2 wolf spiders
  A jumping spider (Spider:2)
  A queen bee (shapeshifter) (D:14)
  A troll (D:13)
  A tarantella (Spider:3)
  A wraith (Spider:1)
  A yak (Lair:2)
  A two-headed ogre zombie (D:9)
  8 orc warriors
  A phantom (D:9)
  2 ogres
  2 crocodiles
  A big kobold (D:9)
  A troll zombie (D:9)
  2 wights (D:11)
  A hound (D:9)
  A gnoll shaman (D:10)
  15 orc priests
  2 orc wizards
  2 worker ants (D:9)
  2 ogre zombies (D:9)
  3 gnolls (D:10)
  13 orcs
  3 kobolds (D:9)
  A goblin skeleton (D:9)
  A goblin zombie (D:9)
  4 orc zombies (D:9)
  A quokka zombie (D:9)
84 creatures vanquished.

Vanquished Creatures (others)
  A shadow wraith (D:14)
  3 fungi (Lair:6)
  5 plants
9 creatures vanquished.

Grand Total: 848 creatures vanquished

Notes
Turn   | Place    | Note
-------+----------+-------------------------------------------
     0 | D:1      | hehateme the Minotaur Berserker began the quest for the
                  | Orb.
     0 | D:1      | Reached XP level 1. HP: 19/19 MP: 0/0
   183 | D:1      | Reached XP level 2. HP: 15/27 MP: 1/1
  1104 | D:2      | Reached XP level 3. HP: 33/33 MP: 2/2
  1134 | D:2      | Noticed Sigmund
  1167 | D:2      | Killed Sigmund
  1167 | D:2      | Reached skill level 5 in Maces & Flails
  1167 | D:2      | Reached XP level 4. HP: 27/41 MP: 3/3
  1167 | D:2      | Reached XP level 5. HP: 31/47 MP: 4/4
  1446 | D:2      | Found a faded altar of an unknown god.
  1508 | D:2      | Reached skill level 5 in Fighting
  1540 | D:2      | Reached ** piety under Trog
  1600 | D:2      | Reached XP level 6. HP: 50/56 MP: 5/5
  1954 | D:2      | Noticed Jessica
  1958 | D:2      | Killed Jessica
  2683 | D:3      | Reached *** piety under Trog
  3142 | D:4      | Found a shimmering altar of Xom.
  3236 | D:5      | Entered Level 5 of the Dungeon
  3519 | D:4      | Reached XP level 7. HP: 62/62 MP: 6/6
  3527 | D:4      | Found a staircase to the Ecumenical Temple.
  3539 | D:4      | Reached skill level 5 in Armour
  3985 | D:5      | Found the +10 zealot's sword {holy, *Rage rN+ EV+3}
  4130 | D:5      | Noticed Eustachio
  4139 | D:5      | Killed Eustachio
  4226 | D:5      | Found a runed translucent door.
  4227 | D:5      | Found a runed translucent door.
  4287 | D:5      | Reached skill level 5 in Dodging
  4949 | D:6      | Found a sparkling altar of Nemelex Xobeh.
  5007 | D:6      | Noticed Pikel
  5013 | D:6      | Reached XP level 8. HP: 71/71 MP: 7/7
  5016 | D:6      | Killed Pikel
  5029 | D:7      | Reached **** piety under Trog
  5604 | D:7      | Noticed Joseph
  6237 | D:7      | Killed Joseph
  6338 | D:7      | Reached XP level 9. HP: 81/81 MP: 8/8
  6339 | D:7      | Found a runed translucent door.
  6339 | D:7      | Noticed JayGee's ghost (novice MiFi)
  6363 | D:7      | Found Kuzuniup's Magic Scroll Shoppe.
  6371 | D:7      | Bought a scroll of silence for 90 gold pieces
  6612 | D:7      | Identified 2 scrolls of acquirement
  6612 | D:7      | Acquired a +0 executioner's axe of flaming
  6989 | D:7      | Reached skill level 1 in Axes
  7104 | D:8      | Found a staircase to the Lair.
  7123 | D:8      | Reached skill level 2 in Axes
  7459 | D:8      | Reached skill level 3 in Axes
  7911 | D:8      | Noticed a two-headed ogre
  7956 | D:8      | Killed a two-headed ogre
  7956 | D:8      | Reached skill level 5 in Axes
  8431 | D:8      | Reached XP level 10. HP: 91/91 MP: 9/9
  8724 | D:8      | Noticed a two-headed ogre
  8760 | D:7      | Reached skill level 6 in Axes
  8845 | D:8      | Killed a two-headed ogre
  9195 | D:8      | Found an opulent altar of Gozag.
  9220 | D:8      | Reached skill level 7 in Axes
  9554 | D:8      | Acquired an amulet of Teter {Reflect MR+ Int+4 SH+5}
  9628 | D:9      | Noticed Erolcha
  9635 | D:9      | Killed Erolcha
  9673 | D:10     | Entered Level 10 of the Dungeon
  9728 | D:8      | Reached skill level 10 in Fighting
  9728 | D:8      | Reached skill level 8 in Axes
 10278 | D:9      | Noticed a two-headed ogre
 10297 | D:10     | Killed a two-headed ogre
 10596 | D:9      | Reached ***** piety under Trog
 10615 | D:9      | Reached skill level 9 in Axes
 10615 | D:9      | Reached XP level 11. HP: 98/101 MP: 10/10
 11177 | D:9      | Reached skill level 10 in Armour
 11192 | D:9      | Found a staircase to the Orcish Mines.
 11211 | D:9      | Got a shimmering ring mail
 11222 | D:9      | Identified the +2 ring mail "Teyn" {Regen+} (You found it
                  | on level 9 of the Dungeon)
 11239 | Orc:1    | Entered Level 1 of the Orcish Mines
 11653 | D:10     | Noticed a two-headed ogre
 11658 | D:10     | Killed a two-headed ogre
 11941 | D:10     | Found an opulent altar of Gozag.
 12945 | D:10     | Identified a +2 pair of boots of running (You found it on
                  | level 10 of the Dungeon)
 13012 | D:11     | Noticed Fannar
 13053 | D:11     | Noticed a two-headed ogre
 13064 | D:11     | Killed a two-headed ogre
 13064 | D:11     | Reached skill level 10 in Axes
 13453 | D:11     | Killed Fannar
 14864 | D:12     | Reached skill level 10 in Dodging
 14985 | D:12     | Noticed a red ugly thing
 14993 | D:12     | Killed a red ugly thing
 15038 | D:12     | Reached skill level 11 in Axes
 15768 | D:13     | Reached XP level 12. HP: 110/110 MP: 11/11
 15805 | D:13     | Found a runed translucent door.
 15806 | D:13     | Noticed Cuethrase's ghost (journeyman DsFi)
 16355 | D:14     | Reached skill level 12 in Axes
 16432 | D:15     | Entered Level 15 of the Dungeon
 16445 | D:15     | Noticed a centaur warrior
 16474 | D:14     | Found Xaxid's Book Shoppe.
 16483 | D:14     | Found Gipinose's Book Shoppe.
 16484 | D:14     | Noticed a centaur warrior
 16502 | D:14     | Killed a centaur warrior
 16633 | D:15     | Noticed a five-headed hydra
 17063 | D:14     | Noticed a fire dragon
 17436 | D:14     | Found a gate to the Vaults.
 17634 | Lair:1   | Entered Level 1 of the Lair of Beasts
 17865 | Lair:2   | Reached skill level 13 in Axes
 19303 | Lair:2   | Noticed a six-headed hydra
 19331 | Lair:2   | Killed a two-headed hydra
 19971 | Lair:3   | Reached XP level 13. HP: 119/119 MP: 12/12
 20010 | Lair:3   | Found a staircase to the Swamp.
 20410 | Lair:4   | Noticed ew1980's ghost (journeyman MiFi)
 20412 | Lair:4   | Noticed a minotaur
 21827 | Lair:4   | Reached skill level 14 in Axes
 21991 | Lair:4   | Found a runed translucent gate.
 22007 | Lair:4   | Found a runed translucent gate.
 22008 | Lair:4   | Found a runed translucent gate.
 22098 | Lair:4   | Found a hole to the Spider Nest.
 22104 | Lair:5   | Found a staircase to the Slime Pits.
 22846 | Lair:6   | Entered Level 6 of the Lair of Beasts
 23799 | Lair:6   | Reached skill level 15 in Axes
 24393 | Lair:6   | Reached XP level 14. HP: 119/130 MP: 13/13
 25037 | Lair:6   | Found the +27 Lear's hauberk
 25166 | Lair:6   | Reached skill level 16 in Axes
 25576 | Orc:2    | Entered Level 2 of the Orcish Mines
 25841 | Orc:2    | Received a gift from Trog
 26541 | Orc:1    | Found Ityninta's Jewellery Emporium.
 26548 | Orc:1    | Bought an uncursed ring of protection from magic for 350
                  | gold pieces
 26548 | Orc:1    | Bought an uncursed ring of poison resistance for 280 gold
                  | pieces
 27123 | Orc:2    | Noticed an orc warlord
 27133 | Orc:2    | Killed an orc warlord
 27241 | Orc:2    | Found Laatsovi's Antique Weapon Boutique.
 27355 | Orc:2    | Found a roughly hewn altar of Beogh.
 27403 | Orc:2    | Found Nyodiuz's Jewellery Shop.
 27646 | Orc:2    | Found a staircase to the Elven Halls.
 28036 | Orc:2    | Found a roughly hewn altar of Beogh.
 28038 | Orc:2    | Noticed a stone giant
 28043 | Orc:2    | Killed a stone giant
 28228 | Orc:2    | Found Muavvym's Gadget Boutique.
 28263 | Orc:2    | Found Savvuru's Magic Scroll Shop.
 28279 | Orc:2    | Bought a scroll of fear for 42 gold pieces
 28279 | Orc:2    | Bought a scroll of enchant armour for 90 gold pieces
 28682 | Orc:2    | Noticed an orc warlord
 28689 | Orc:2    | Killed an orc warlord
 28689 | Orc:2    | Reached skill level 17 in Axes
 29325 | Spider:1 | Entered Level 1 of the Spider Nest
 29488 | Spider:1 | Noticed Rupert
 29541 | Lair:4   | Killed Rupert
 29541 | Lair:4   | Reached XP level 15. HP: 80/139 MP: 14/14
 32408 | Spider:1 | Noticed Josephine
 32418 | Spider:1 | Killed Josephine
 32427 | Spider:1 | Reached skill level 15 in Fighting
 32916 | Spider:2 | Killed a ghost moth
 33639 | Orc:2    | Bought an uncursed ring of poison resistance for 320 gold
                  | pieces
 35671 | Spider:2 | Noticed Arachne
 35969 | Spider:2 | Killed Arachne
 37010 | Spider:2 | Reached skill level 18 in Axes
 37157 | Spider:2 | Found a runed translucent door.
 37173 | Spider:2 | Noticed Rod Caur's ghost (adept HOFi)
 37204 | Spider:1 | Reached skill level 15 in Armour
 37281 | Spider:2 | Noticed Jorgrun
 37357 | Spider:2 | Killed Jorgrun
 39079 | Spider:3 | Got a dazzling ring mail
 39090 | Spider:3 | Identified the +2 ring mail of Jasodama {rF++ Str+8 Slay+4}
                  | (You found it on level 3 of the Spider Nest)
 39611 | Spider:3 | HP: 3/141 [wolf spider (17)]
 39612 | Spider:3 | HP: 1/141 [poisoned by a wolf spider]
 39612 | Spider:3 | Demolished by a wolf spider

Illustrated notes

Levels and vault maps discovered:
D:1:      lemuel_arrival_rhombus, layout_basic, minmay_misc_feat_roman
D:2:      layout_loops_ring, chequers_ecumenical_altar_simple, uniq_sigmund,
          uniq_jessica
D:3:      minmay_evil_eye, layout_loops_ring
D:4:      layout_basic, nicolae_overflow_crystal_walls,
          minmay_temple_entry_nine_rooms, first_ration
D:5:      lemuel_insect_pit, layout_basic, uniq_eustachio
D:6:      layout_rooms, fountainhead, nemelex_altar_shiori, uniq_pikel
D:7:      layout_basic, ebering_ghost_reflecting_pool, serial_shops, shop,
          uniq_joseph
D:8:      layout_loops_ring, lair_entry_dummy, basic_altar, blue_anna_alchemist
          [blue_anna_fruit_fields, blue_anna_fruit_fields]
D:9:      layout_loops_ring, zombieorc2_lemuel, uniq_erolcha
D:10:     layout_stronghold, nicolae_gozag_cash_rules_everything_around_me
D:11:     layout_rooms, uniq_fannar
D:12:     layout_loops_cross
D:13:     layout_cave_pools, ebering_ghost_reflecting_pool, minivault_26
D:14:     layout_basic, david_vaults_4, grunt_decor_resistance, serial_shops,
          nicolae_shop_trees, shop
D:15:     hangedman_depths_entry_try_elsewhere_first, layout_cave_pools,
          minivault_14, minivault_27, serial_bayou_lake_a
Lair:1:   layout_regular_city, serial_bayou_shore_b, serial_bayou_shore_b,
          lemuel_fruit_fields, lemuel_fruit_fields
Lair:2:   layout_chaotic_city, worms_lemuel, grunt_megastairs_3,
          lemuel_fruit_tree, minmay_lair_oklob_chamber
Lair:3:   layout_big_grid, swamp_mist_pool, grunt_megastairs_2
Lair:4:   layout_regular_city, spider_nest_entry_web_field,
          maelrawn_ghost_gauntlet_escape, columned_hall_lemuel
Lair:5:   layout_loops_ring, slime_dummy
Lair:6:   grunt_lair_end_beastmaster, layout_misc_corridors
Spider:1: layout_chambers, uniq_rupert, uniq_josephine
Spider:2: layout_spider_delve, ebering_ghost_reflecting_pool, uniq_jorgrun,
          uniq_arachne
Spider:3: layout_spider_delve, lemuel_hornet_nest
Orc:1:    layout_diamond_mine, serial_shops, shop, enter_bailey_3
Orc:2:    pubby_orc_utopia, serial_shops

Skill      XL: |  1  2  3  4  5  6  7  8  9 10 11 12 13 14 15 |
---------------+----------------------------------------------+-----
Fighting       | 4 5 6 8 9 10 11 12 13 14 15 | 15.6
Maces & Flails | 4 5 6 8 |  8.3
Armour         | 3 4 6 7 8 9 11 12 13 14 15 | 15.3
Dodging        | 3 4 5 6 7 9 10 11 12 13 14 | 14.2
Axes           | 5 9 11 13 15 17 18 | 18.5

Action                   |  1- 3 |  4- 6 |  7- 9 | 10-12 | 13-15 || total
-------------------------+-------+-------+-------+-------+-------++-------
Melee: Mace              |    58 |    27 |       |       |       ||    85
       Headbutt          |    10 |    17 |    54 |   104 |   189 ||   374
       Club              |       |    99 |   126 |       |       ||   225
       Executioner's axe |       |       |   102 |   478 |   948 ||  1528
Invok: Berserk           |     1 |     2 |     8 |    19 |    17 ||    47
       Brothers in Arms  |       |       |       |    19 |    19 ||    38
       Trog's Hand       |       |       |       |     4 |    14 ||    18
Evoke: Wand              |       |       |     6 |       |       ||     6
  Use: Scroll            |     4 |     7 |    10 |    17 |     5 ||    43
       Potion            |     1 |     1 |     1 |     2 |    17 ||    22
 Stab: Distracted        |       |       |       |       |     1 ||     1
  Eat: Chunk             |     1 |    10 |    11 |    27 |    37 ||    86
       Ration            |       |       |     3 |    12 |    17 ||    32
Armor: Ring mail         |    26 |    32 |       |    28 |       ||    86
       Chain mail        |       |    20 |    13 |       |   378 ||   411
       Plate armour      |       |       |   127 |   228 |   255 ||   610
Dodge: Dodged            |    33 |    90 |   164 |   420 |   767 ||  1474
Block: Other             |       |       |       |   136 |   243 ||   379
       Reflection        |       |       |       |    16 |     2 ||    18
